 Dungeon Crawl Stone Soup version 0.20.1-1-g8b1a95d (webtiles) character file.

39 MasterBenM the Magician (level 3, 0/19 HPs)
             Began as a Tengu Wizard on Sept 12, 2017.
             Slain by an adder (2 damage)
             ... on level 2 of the Dungeon.
             The game lasted 00:17:07 (1731 turns).

MasterBenM the Magician (Tengu Wizard)              Turns: 1731, Time: 00:17:08

Health: 0/19       AC:  2    Str:  7    XL:     3   Next: 47%
Magic:  1/9        EV: 13    Int: 19    God:
Gold:   34         SH:  0    Dex: 12    Spells: 0/9 levels left

rFire    x . .     SeeInvis .   h - +2 whip
rCold    + . .     Gourm    .   (no shield)
rNeg     . . .     Faith    .   a - +0 robe
rPois    .         Spirit   .   b - +0 hat
rElec    .         Reflect  .   (no cloak)
rCorr    .         Harm     .   (no gloves)
MR       .....                  (boots unavailable)
Stlth    ++........             (no amulet)
Regen    0.1/turn               u - ring of ice
MPRegen  0.2/turn               (no ring)

@: very slightly contaminated
A: beak, talons 3
a: no special abilities


You were on level 2 of the Dungeon.
You were hungry.

You visited 1 branch of the dungeon, and saw 2 of its levels.

You collected 34 gold pieces.

Inventory:

Hand Weapons
 f - a +0 club
 h - a +2 whip (weapon)
 k - a +0 club
 m - a +0 club
 p - a +0 hunting sling
 q - a +0 club
 r - a +0 dagger
 s - a +0 dagger
 v - a +0 dagger
Missiles
 i - 16 poisoned needles
 l - 5 needles of sleeping
 n - 92 stones (quivered)
Armour
 a - a +0 robe (worn)
 b - a +0 hat (worn)
 e - a +0 leather armour
 g - a +1 leather armour
 o - a +0 robe
Jewellery
 u - a ring of ice (left hand)
Books
 c - a book of Minor Magic

   Spells                             Type                      Level
   a - Magic Dart                     Conjuration                  1
   b - Blink                          Translocation                2
   c - Call Imp                       Summoning                    2
   d - Slow                           Hexes                        2
   e - Conjure Flame                  Conjuration/Fire             3
   f - Mephitic Cloud                 Conjuration/Poison/Air       3
Comestibles
 d - 3 bread rations
 j - 2 royal jellies


   Skills:
 + Level 0.4 Maces & Flails
 + Level 0.2 Armour
 + Level 2.7 Dodging
 + Level 2.0 Stealth
 + Level 3.6 Spellcasting
 + Level 2.0 Conjurations
 + Level 1.2 Summonings
   Level 0.7 Translocations


You couldn't memorise any spells.
You knew the following spells:

 Your Spells              Type           Power        Failure   Level  Hunger
a - Magic Dart            Conj           ##..         6%          1    None
b - Conjure Flame         Conj/Fire      #.......     28%         3    ###....
c - Call Imp              Summ           #.......     13%         2    ##.....
d - Mephitic Cloud        Conj/Pois/Air  #.......     32%         3    ###....


Dungeon Overview and Level Annotations

Branches:
Dungeon (2/15)

Altars:


Innate Abilities, Weirdness & Mutations

You have a beak for a mouth.
You have claws for feet.


Message History

An adder comes into view.
You closely miss the kobold. The kobold barely misses you.
The adder hisses angrily.
The kobold hits you.
The quokka runs around in a circle.
Casting: Magic Dart
Confirm with . or Enter, or press ? or * to list all spells.
Aiming: Magic Dart
Press: ? - help, Shift-Dir - straight line, f/p - kobold
Aim: a kobold The magic dart hits the kobold.
The kobold is severely wounded.
The kobold misses you. The kobold closely misses you.
You hit the kobold.
You kill the kobold!
The adder bites you.
* * * LOW HITPOINT WARNING * * *
The adder bites you.
You die...

#### ....####### #
....#.....######## #.
................. #..
........S.......
....#....@........
#####.##.............
.....r.%.............
######....###<.......
......### #.......#
........ #..##...#
#.####### .... .... #
..... ..# ...#... ..


You could see an adder and a quokka (confused).

Vanquished Creatures
  An ooze (D:1)
  2 dart slugs
  2 leopard geckos (D:1)
  2 giant cockroaches (D:1)
  2 goblins (D:1)
  4 hobgoblins (D:1)
  3 bats (D:1)
  11 frilled lizards
  A kobold (D:2)
  2 rats (D:1)
30 creatures vanquished.

Vanquished Creatures (collateral kills)
  A leopard gecko (D:1)
  A kobold (D:1)
2 creatures vanquished.

Grand Total: 32 creatures vanquished

Notes
Turn   | Place    | Note
-------+----------+-------------------------------------------
     0 | D:1      | MasterBenM the Tengu Wizard began the quest for the Orb.
     0 | D:1      | Reached XP level 1. HP: 10/10 MP: 5/5
   279 | D:1      | Reached XP level 2. HP: 12/15 MP: 0/7
   894 | D:1      | Reached XP level 3. HP: 19/19 MP: 6/9
  1122 | D:1      | Learned a level 3 spell: Conjure Flame
  1125 | D:1      | Learned a level 2 spell: Call Imp
  1129 | D:1      | Learned a level 3 spell: Mephitic Cloud
  1731 | D:2      | Slain by an adder

Skill      XL: |  1  2  3 |
---------------+----------+-----
Conjurations   | 2 |  2.0
Maces & Flails | |  0.4
Armour         | |  0.2
Dodging        | |  2.7
Stealth        | |  2.0
Spellcasting   | |  3.6
Summonings     | |  1.2
Translocations | |  0.7

Action                   || total
-------------------------++-------
Melee: Club              ||     5
       Kick              ||     3
       Unarmed           ||     1
       Whip              ||    18
       Peck              ||     3
Throw: Stone             ||     1
 Cast: Magic Dart        ||    54
       Conjure Flame     ||     2
       Mephitic Cloud    ||     1
       Call Imp          ||     1
  Use: Scroll            ||     7
       Potion            ||     1
  Eat: Chunk             ||     2
Armor: Leather armour    ||     9
       Robe              ||     1
Dodge: Dodged            ||    26
